Map: Pillars of Gold LE

Players

Munte - Winner!

  • Race: Zerg Zerg
  • Spawn Location: 7:00

cronos

  • Race: Zerg Zerg
  • League: Diamond
  • Spawn Location: 1:00

VOD

Have the link to the VOD?

Description

Time

  • Played on: Oct. 8, 2020, 8:03 a.m.
  • Length: 14:13
Show
View Real Time Build Order
Export as new Build Order

Munte Zerg - Winner!

Build Orders: Hatch First 

Get SALT Encoding   

  12  0:00  Drone  
  13  0:13  Overlord  
  13  0:18  Drone  
  14  0:31  Drone x2  
  16  0:53  Hatchery, Drone  
  16  0:56  Drone  
  17  1:00  Drone  
  18  1:10  Extractor  
  17  1:17  Spawning Pool  
  16  1:20  Drone  
  16  1:24  Drone  
  18  1:29  Drone  
  19  1:42  Drone  
  20  1:51  Overlord  
  20  2:06  Queen x2  
  20  2:07  Zergling x2  
  20  2:08  Zergling x2  
  26  2:15  Metabolic Boost  
  26  2:17  Drone  
  26  2:18  Drone  
  28  2:39  Drone  
  29  2:44  Hatchery  
  28  2:56  Baneling Nest  
  26  3:08  Zergling x2  
  26  3:09  Zergling x2  
  26  3:10  Overlord  
  28  3:13  Drone x3  
  28  3:17  Queen  
  33  3:26  Zergling x4  
  35  3:28  Overlord  
  35  3:39  Zergling x6  
  35  3:40  Zergling x2  
  39  3:42  Baneling x2  
  39  3:54  Zergling x6  
  42  4:04  Baneling x2  
  42  4:05  Baneling  
  42  4:06  Queen  
  42  4:07  Drone x2  
  44  4:25  Zergling x14  
  51  4:35  Queen  
  51  4:37  Overlord  
  40  5:00  Zergling x2  
  40  5:01  Zergling x20  
  51  5:17  Queen  
  51  5:19  Lair  
  52  5:31  Drone  
  52  5:32  Drone x3  
  52  5:33  Roach Warren  
  55  5:40  Zergling x6  
  45  6:08  Drone  
  45  6:09  Drone x8  
  49  6:21  Roach  
  49  6:22  Roach x4  
  58  6:34  Glial Reconstitution  
  58  6:39  Evolution Chamber  
  57  6:41  Queen  
  58  6:50  Extractor  
  58  6:53  Queen  
  59  6:54  Roach  
  59  6:55  Overlord, Roach x2  
  65  7:12  Overlord  
  65  7:14  Overlord  
  65  7:40  Roach x7  
  65  7:41  Roach x2  
  82  7:51  Overlord x2  
  82  7:57  Hatchery  
  81  8:14  Zerg Missile Weapons Level 1  
  81  8:19  Extractor x2, Drone  
  77  8:20  Drone x2  
  77  8:22  Drone x2  
  77  8:23  Drone  
  79  8:36  Roach  
  79  8:37  Roach x8  
  97  9:12  Drone x4  
  97  9:13  Drone x2  
  97  9:16  Overlord x2  
  103  9:22  Evolution Chamber  
  102  9:29  Ravager x4  
  102  9:30  Overlord  
  106  9:39  Roach  
  106  9:40  Roach x7  
  122  9:59  Roach  
  122  10:00  Roach x4  
  122  10:01  Overlord  
  128  10:26  Ravager x3  
  128  10:27  Ravager x3  
  126  10:50  Roach x6  
  108  11:08  Roach  
  108  11:09  Roach x7  
  94  11:24  Zerg Missile Weapons Level 2  
  94  11:26  Zerg Ground Armor Level 1  
  94  11:29  Roach  
  94  11:30  Roach x2  
  100  11:33  Zergling x10  
  103  11:41  Zergling x2  
  103  11:42  Zergling x26  
  96  12:30  Roach  
  96  12:31  Roach x18  
  110  12:45  Drone x4  
  110  12:48  Extractor  
  113  12:57  Hatchery  
  112  13:04  Drone x4  
  112  13:05  Drone x2  
  118  13:09  Extractor  
  117  13:22  Ravager x2  
  117  13:23  Ravager x6  
  117  13:24  Zergling x2  
  117  13:25  Zergling x24  
  138  13:34  Overlord x3  
  136  13:46  Roach  
Show
View Real Time Build Order
Export as new Build Order

cronos Zerg 

Build Orders: Hatch First 

Get SALT Encoding   

  12  0:00  Drone  
  13  0:08  Drone  
  14  0:34  Hatchery  
  13  0:39  Drone  
  14  0:46  Overlord  
  14  1:05  Spawning Pool  
  14  1:07  Drone  
  15  1:11  Drone  
  15  1:16  Drone  
  16  1:20  Drone  
  16  1:23  Extractor  
  16  1:31  Drone  
  18  1:40  Drone  
  18  1:51  Queen x2  
  22  1:55  Drone  
  22  1:59  Drone  
  24  2:02  Drone  
  24  2:05  Drone  
  26  2:28  Hatchery  
  25  2:31  Drone  
  25  2:35  Metabolic Boost  
  26  2:41  Zergling x4  
  28  2:48  Overlord  
  28  2:54  Overlord  
  28  3:07  Overlord, Drone x3  
  31  3:20  Baneling Nest  
  31  3:22  Zergling x6  
  31  3:25  Zergling x2  
  34  3:29  Zergling x2  
  34  3:30  Zergling x2  
  34  3:33  Zergling x2  
  37  3:40  Zergling x2  
  37  3:41  Zergling x4  
  40  3:43  Zergling x2  
  39  4:22  Baneling x2  
  39  4:24  Baneling x2  
  38  4:29  Baneling x3  
  38  4:30  Zergling x10  
  38  4:31  Drone x10  
  43  5:02  Zergling x12  
  43  5:04  Queen  
  43  5:05  Drone x3  
  54  5:13  Roach Warren  
  53  5:18  Baneling x3  
  53  5:22  Baneling x2  
  53  5:23  Baneling x3  
  53  5:25  Baneling  
  53  5:28  Drone x5  
  49  6:04  Zergling x6  
  41  6:18  Zergling x6  
  41  6:19  Zergling x6  
  40  6:28  Drone x2  
  40  6:29  Drone x8  
  49  6:34  Queen  
  51  6:44  Drone x2  
  51  6:45  Drone x4  
  57  6:51  Lair  
  57  7:01  Extractor  
  57  7:03  Extractor  
  57  7:08  Evolution Chamber  
  54  7:09  Evolution Chamber  
  53  7:22  Drone x3  
  55  7:23  Drone  
  55  7:26  Drone  
  55  7:28  Overlord  
  55  7:29  Overlord x2  
  54  7:49  Drone x2  
  54  7:51  Roach x12  
  66  7:54  Drone  
  66  7:58  Zerg Missile Weapons Level 1  
  67  8:24  Roach  
  67  8:25  Roach x7  
  73  8:39  Roach x3  
  73  8:40  Roach  
  81  8:43  Overlord  
  81  8:52  Spine Crawler  
  81  8:54  Zerg Ground Armor Level 1  
  76  8:55  Spine Crawler  
  75  9:06  Extractor, Drone  
  75  9:08  Drone x3  
  78  9:13  Roach  
  78  9:14  Roach x2  
  84  9:24  Overlord x2  
  84  9:29  Roach  
  84  9:33  Hatchery  
  84  9:34  Overlord x3  
  84  9:35  Overlord  
  84  9:38  Glial Reconstitution  
  83  9:40  Burrow  
  83  9:44  Ravager  
  84  9:46  Ravager  
  77  10:02  Zerg Missile Weapons Level 2  
  77  10:07  Roach x9  
  96  10:14  Ravager  
  96  10:18  Overlord  
  96  10:19  Overlord  
  96  10:36  Roach  
  96  10:37  Roach x7  
  96  10:38  Roach  
  110  10:55  Roach x3  
  96  11:07  Zergling x2  
  96  11:08  Zergling x6  
  84  11:15  Zerg Ground Armor Level 2  
  78  11:21  Roach Warren  
  78  11:22  Drone x2  
  78  11:23  Queen  
  81  11:27  Zergling x10  
  81  11:32  Roach x12  
  86  12:01  Roach x10  
  94  12:17  Roach x3  
  71  12:44  Roach x2  
  71  12:45  Roach x5  
  71  12:46  Queen  
  85  12:51  Tunneling Claws  
  85  12:52  Roach  
  85  12:53  Roach  
  89  13:01  Ravager  
  89  13:02  Ravager x2  
  89  13:03  Ravager  
  89  13:04  Roach x5  
  89  13:05  Roach  
  105  13:10  Drone x4  
  109  13:28  Roach  
  109  13:29  Roach x3  
  109  13:30  Drone  
Tags
 
Add a new tag
Caveats
  • Supply blocks, unpowered buildings, or Contaminate may cause inaccurate times.
  • Supply counts are checked every 10 seconds.